 Dungeon Crawl Stone Soup version 0.30.0-30-g96aa6591b8 (webtiles) character file.

Game seed: 17105491143466300774

20785 Derfel the Unseen (level 12, -34/64 HPs)
             Began as a Spriggan Enchanter on June 26, 2023.
             Was an Elder of Dithmenos.
             Annihilated by Fannar
             ... wielding a +0 quarterstaff of freezing
              (57 damage)
             ... on level 1 of the Lair of Beasts on June 27, 2023.
             The game lasted 02:18:26 (17016 turns).

Derfel the Unseen (Spriggan Enchanter)             Turns: 17016, Time: 02:18:26

Health: -34/64     AC:  9    Str:  4    XL:     12   Next: 48%
Magic:  1/27       EV: 23    Int: 22    God:    Dithmenos [****..]
Gold:   1059       SH:  4    Dex: 18    Spells: 9/31 levels left

rFire   + . .        a - +1 dagger
rCold   x . .        U - +0 buckler
rNeg    . . .        F - +0 troll leather armour
rPois   .            l - +2 hat
rElec   .            Z - +2 cloak of Limiu {Will+ rCorr Int+3 Slay+3}
rCorr   +            (gloves unavailable)
SInv    +            (boots unavailable)
Will    +++..        L - amulet of the acrobat
Stlth   ++++++++++   X - ring of wizardry
HPRegen 1.10/turn    D - ring of fire
MPRegen 0.20/turn

%: acrobat, wizardry (x1)
@: wreathed by umbra, studying Transmutations, very quick
A: very small, no large weapons, unfitting armour, see invisible, speed 3
a: Renounce Religion, Shadow Step


You were on level 1 of the Lair of Beasts.
You worshipped Dithmenos.
Dithmenos was greatly pleased with you.
You visited 3 branches of the dungeon, and saw 15 of its levels.
You also visited: Gauntlet.

You collected 1315 gold pieces.
You spent 256 gold pieces at shops.

Inventory:

Hand Weapons
 a - a +1 dagger (weapon)
 J - a +0 dagger of electrocution
Missiles
 g - 5 datura-tipped darts
 h - 17 poisoned darts (quivered)
 k - 3 atropa-tipped darts
 p - 172 stones
 P - a throwing net
Armour
 b - a +0 robe
 l - a +2 hat (worn)
 o - a scarf of invisibility
 F - a +0 troll leather armour (worn)
 U - a +0 buckler (worn)
 Z - the +2 cloak of Limiu (worn) {Will+ rCorr Int+3 Slay+3}
   (You found it in a Gauntlet)

   Int:       It affects your intelligence (+3).
   Slay:      It affects your accuracy & damage with ranged weapons and melee
   (+3).
   rCorr:     It protects you from acid and corrosion.
   Will:      It increases your willpower.
Jewellery
 u - a ring of ice
 v - a ring of wizardry
 D - a ring of fire (right hand)
 L - an amulet of the acrobat (around neck)
 M - an amulet of reflection
 X - a ring of wizardry (left hand)
Wands
 B - a wand of mindburst (7)
 C - a wand of roots (14)
 H - a wand of charming (17)
 Q - a wand of flame (30)
Scrolls
 f - 2 scrolls of acquirement
 j - a scroll of magic mapping {unknown}
 m - 3 scrolls of immolation
 q - a scroll of amnesia {unknown}
 r - a scroll of fog
 s - a scroll of enchant armour {unknown}
 w - 5 scrolls of teleportation
 y - 2 scrolls of fear
 I - a scroll of poison {unknown}
 K - 3 scrolls of enchant weapon {unknown}
Potions
 c - 3 potions of invisibility
 d - 8 potions of curing {@q1}
 e - 8 potions of might
 i - 4 potions of heal wounds {@q2}
 n - 4 potions of brilliance
 t - 3 potions of flight
 x - 2 potions of magic
 z - a potion of haste
 A - 2 potions of attraction
 E - a potion of berserk rage
 G - 2 potions of mutation
 O - 3 potions of lignification
 V - a potion of cancellation {unknown}


   Skills:
 - Level 8.0 Fighting
 - Level 3.5 Short Blades
 - Level 0.3 Throwing
 + Level 12.2 Dodging
 - Level 16.0 Stealth
 - Level 10.0 Spellcasting
 * Level 10.6 Hexes
 - Level 7.0 Translocations


You had 9 spell levels left.
You knew the following spells:

 Your Spells              Type           Power      Damage    Failure   Level
a - Ensorcelled Hibernat  Hex/Ice        68%        N/A       1%          2
b - Confusing Touch       Hex            55%        N/A       1%          3
c - Tukima's Dance        Hex            55%        N/A       1%          3
d - Dazzling Flash        Conj/Hex       68%        N/A       3%          3
e - Summon Guardian Gole  Hex/Summ       34%        N/A       3%          3
f - Gell's Gravitas       Tloc           41%        N/A       1%          3
g - Blink                 Tloc           82%        N/A       1%          2
h - Teleport Other        Tloc           41%        N/A       1%          3

Your spell library contained the following spells:

 Spells                   Type           Power      Damage    Failure   Level
 Lesser Beckoning         Tloc           82%        N/A       1%          2
 Momentum Strike          Conj/Tloc      52%        3d9       3%          2
 Manifold Assault         Tloc           41%        N/A       4%          4
 Vhi's Electric Charge    Tloc/Air       52%        N/A       6%          3
 Volatile Blastmotes      Fire/Tloc      78%        2d16      6%          3
 Beastly Appendage        Tmut           22%        N/A       9%          1
 Fulminant Prism          Conj/Hex       17%        3d10      10%         4
 Scorch                   Fire           32%        2d6       13%         2
 Iskenderun's Mystic Bla  Conj/Tloc      26%        2d7       21%         4
 Ignite Poison            Fire/Tmut/Pois 16%        N/A       26%         3
 Dispersal                Tloc           20%        N/A       56%         6
 Flame Wave               Conj/Fire      16%        2d7       61%         4
 Sticky Flame             Conj/Fire      16%        2d4       61%         4
 Arcjolt                  Conj/Air       5%         1d15      91%         5
 Lee's Rapid Deconstruct  Erth           5%         3d6*      91%         5
 Statue Form              Tmut/Erth      7%         N/A       100%        6
 Summon Cactus Giant      Summ           5%         N/A       100%        6
 Orb of Destruction       Conj           5%         9d5       100%        7
 Spellforged Servitor     Conj/Summ      5%         N/A       100%        7
 Storm Form               Tmut/Air       5%         N/A       100%        7
 Ignition                 Fire           8%         3d5       100%        8
 Maxwell's Capacitive Co  Air            5%         ∞         100%        8
 Necromutation            Tmut/Necr      5%         N/A       100%        8


Dungeon Overview and Level Annotations

Branches:
Dungeon (12/15)            Temple (1/1) D:4            Lair (2/5) D:10
    Orc (0/2) D:10        Gauntlet (visited)
  Swamp: Lair:2-3    Shoals: Lair:2-3     Snake: Lair:2-3    Spider: Lair:2-3

Altars:
Ashenzari
Cheibriados
Dithmenos
Elyvilon
Fedhas
Gozag
Hepliaklqana
Kikubaaqudgha
Makhleb
Nemelex Xobeh
Okawaru
Qazlal
Ru
Sif Muna
Trog
Uskayaw
Vehumet
Wu Jian
Xom
Yredelemnul
Zin
The Shining One

Shops:
D:10 *:[[

Annotations:
D:5 3 runed translucent doors, exclusion: 3 doors, growler's ghost, amateur OpEE
D:8 exclusion: door
D:11 3 runed translucent doors, math4jedi's ghost, journeyman MiBe
Lair:1 Fannar


Innate Abilities, Weirdness & Mutations

You are very small and have problems with some larger weapons.
You are too small for most types of armour.
You have supernaturally acute eyesight. (SInv)
You cover ground extremely quickly. (Speed+++)


Message History

Aiming: Ensorcelled Hibernation (safe; 1% risk of failure)
Press: ? - help, Shift-Dir - straight line, f - cane toad
Aim: a cane toad (umbra, chance to affect: 62%)
The cane toad looks drowsy...
The helpless cane toad fails to defend itself.
You skewer the cane toad like a kebab!!!!
You kill the cane toad!
Dithmenos accepts your kill.
Fannar mumbles some strange words.
Fannar blinks!
Casting: Ensorcelled Hibernation (safe; 1% risk of failure)
Confirm with . or Enter, or press ? or * to list all spells.
Aiming: Ensorcelled Hibernation (safe; 1% risk of failure)
Press: ? - help, Shift-Dir - straight line, f - cane toad
Aim: a cane toad (umbra, chance to affect: 62%)
The cane toad looks drowsy...
The helpless cane toad fails to defend itself.
You perforate the cane toad like a sieve!!!!
You kill the cane toad!
Dithmenos accepts your kill. The ice beast completely misses you.
Found a book of Touch.
Found a potion of haste and 24 gold pieces.
There is a fountain of clear blue water here.
There is a stone staircase leading down here.
There is a fountain of clear blue water here.
Fannar gestures wildly while chanting.
Fannar drains the heat from the surrounding environment!
You feel a terrible chill!
Ouch! That really hurt!
You emit a cloud of dark smoke.
Casting: Ensorcelled Hibernation (safe; 1% risk of failure)
Confirm with . or Enter, or press ? or * to list all spells.
Casting: Dazzling Flash (dangerous; 3% risk of failure)
Press: ? - help, Dir - look around, f - activate Fannar mumbles some strange words.
Fannar drains the heat from the surrounding environment!
You feel a terrible chill!
Ouch! That really hurt!
You die...

# ....... ##.
.........## ..... #.#
..........# ....$.
#.###........# ......
###.>†##.......## !.....
##...............#
...:.##..Y.⌠.e..##....P#
#.......#.###§§§.....##
####...#######@..##...#
#.#...###..###§.......#
#.....###....##...###..#
+.......Y...........+..#
#⌠.....⌠..>..⌠..†..⌠#.##
+.....................#
###....#....###Y...####
#....#.#####....#..#
##...### #....##..#


You could see Fannar and an ice beast (summoned).

Vanquished Creatures
  5 two-headed ogres
  Erica (D:11)
  Urug (D:11)
  Lodul (D:11)
  Joseph (D:8)
  Maurice (D:8)
  A gargoyle (D:9)
  4 cane toads (Lair:1)
  A smoke demon (Gauntlet)
  2 komodo dragons
  A kobold demonologist (D:11)
  Psyche (D:9)
  2 queen bees (Gauntlet)
  A hornet (D:8)
  3 trolls
  A raiju (Gauntlet)
  3 blink frogs (Lair:2)
  4 shadows
  19 yaks
  A wraith (D:10)
  A steam dragon (Gauntlet)
  2 vampire mosquitoes (D:11)
  4 water moccasins
  3 sky beasts
  4 ice beasts
  A black bear (D:7)
  5 orc warriors
  4 centaurs
  4 ogres (D:11)
  Blork the orc (D:6)
  A kobold brigand (D:10)
  A phantom (D:5)
  4 bullfrogs
  4 gnoll sergeants
  5 scorpions
  3 wights (D:9)
  A jelly (D:6)
  17 killer bees
  2 electric eels (D:10)
  2 howler monkeys
  5 crimson imps
  3 hounds
  An orc priest (D:10)
  A sleepcap (D:6)
  Natasha (D:2)
  7 iguanas
  5 orc wizards
  23 gnolls
  4 adders
  3 worms
  2 dart slugs (D:1)
  15 orcs
  4 ball pythons
  4 bats
  5 endoplasms
  2 giant cockroaches (D:3)
  8 goblins
  7 hobgoblins
  A jackal (D:1)
  2 quokkas
  3 frilled lizards
  45 kobolds
  7 rats
281 creatures vanquished.

Vanquished Creatures (collateral kills)
  4 ogres (D:11)
  An orc warrior (D:10)
  2 kobold brigands (D:5)
  10 wights
  3 orc priests (D:10)
  11 gnolls
  14 orcs
  An endoplasm (D:1)
  A hobgoblin (D:1)
  7 kobolds
54 creatures vanquished.

Vanquished Creatures (others)
  2 yaks (D:11)
  16 dancing weapons
  A kobold brigand (D:9)
19 creatures vanquished.

Grand Total: 354 creatures vanquished

Notes
Turn   | Place    | Note
-------+----------+-------------------------------------------
     0 | D:1      | Derfel the Spriggan Enchanter began the quest for the Orb.
     0 | D:1      | Reached XP level 1. HP: 9/9 MP: 5/5
   300 | D:1      | Reached XP level 2. HP: 13/13 MP: 6/6
   497 | D:1      | Learned a level 2 spell: Ensorcelled Hibernation
  1281 | D:2      | Reached XP level 3. HP: 16/16 MP: 8/8
  1320 | D:2      | Identified the +6 falchion of Uskayaw's Esteem {freeze,
                  | rPois}
  1702 | D:2      | Reached skill level 5 in Hexes
  2184 | D:2      | Noticed Natasha
  2219 | D:2      | Killed Natasha
  2220 | D:2      | Reached XP level 4. HP: 18/21 MP: 7/10
  2496 | D:3      | Found a faded altar of an unknown god.
  2531 | D:3      | Learned a level 3 spell: Confusing Touch
  2535 | D:3      | Learned a level 3 spell: Tukima's Dance
  3115 | D:4      | Found a staircase to the Ecumenical Temple.
  3187 | Temple   | Entered the Ecumenical Temple
  3334 | Temple   | Became a worshipper of Dithmenos the Shadowed
  3478 | D:4      | Reached XP level 5. HP: 24/24 MP: 1/12
  3482 | D:4      | Learned a level 3 spell: Dazzling Flash
  3599 | D:4      | Found an ancient bone altar of Kikubaaqudgha.
  4063 | D:4      | Reached skill level 5 in Spellcasting
  4063 | D:4      | Reached XP level 6. HP: 28/28 MP: 9/14
  4203 | D:5      | Entered Level 5 of the Dungeon
  4761 | D:5      | Found a radiant altar of Vehumet.
  4764 | D:5      | Found a burning altar of Makhleb.
  4943 | D:5      | Reached * piety under Dithmenos
  4949 | D:5      | Identified the +5 quarterstaff of the Saviour {flame,
                  | Contam *Corrode Str+3 Int+5}
  4991 | D:5      | Reached XP level 7. HP: 23/32 MP: 4/17
  5257 | D:5      | Identified the +8 ring mail "Ydeytzak" {rPois rC+}
  5405 | D:5      | Found a runed translucent gate.
  5405 | D:5      | Found a runed translucent gate.
  5405 | D:5      | Found a runed translucent gate.
  5406 | D:5      | Noticed growler's ghost (amateur OpEE)
  5967 | D:5      | Reached ** piety under Dithmenos
  6711 | D:5      | Reached skill level 5 in Stealth
  6711 | D:5      | Reached XP level 8. HP: 36/36 MP: 15/19
  7116 | D:6      | Noticed Blork the orc
  7130 | D:6      | Killed Blork the orc
  7293 | D:6      | Reached skill level 6 in Stealth
  7457 | D:6      | Found a shimmering altar of Xom.
  7458 | D:6      | Reached *** piety under Dithmenos
  7604 | D:6      | Reached skill level 7 in Stealth
  7604 | D:6      | Reached skill level 10 in Hexes
  7765 | D:6      | Reached skill level 8 in Stealth
  7839 | D:6      | Found a shimmering blue altar of Sif Muna.
  7862 | D:6      | Reached skill level 9 in Stealth
  7897 | D:6      | Reached skill level 5 in Dodging
  7991 | D:6      | Learned a level 3 spell: Summon Guardian Golem
  7995 | D:6      | Learned a level 3 spell: Gell's Gravitas
  8147 | D:6      | Found an ornate altar of the Wu Jian Council.
  8524 | D:7      | Reached skill level 10 in Stealth
  8524 | D:7      | Reached XP level 9. HP: 39/39 MP: 20/20
  8775 | D:7      | Reached skill level 11 in Stealth
  8819 | D:7      | Found a glowing silver altar of Zin.
  8819 | D:7      | Found an opulent altar of Gozag.
  9138 | D:7      | Reached skill level 12 in Stealth
  9142 | D:7      | Reached skill level 1 in Fighting
  9526 | D:8      | Noticed Joseph
  9548 | D:8      | Killed Joseph
  9549 | D:8      | Reached skill level 13 in Stealth
  9889 | D:8      | Noticed Maurice
  9889 | D:8      | Noticed a two-headed ogre
  9896 | D:8      | Killed a two-headed ogre
  9897 | D:8      | Reached skill level 14 in Stealth
  9900 | D:8      | Killed Maurice
  9901 | D:8      | Reached skill level 15 in Stealth
  9901 | D:8      | Reached XP level 10. HP: 46/46 MP: 4/21
 10041 | D:8      | Found an ornate altar of the Wu Jian Council.
 10689 | D:9      | Noticed a two-headed ogre
 10704 | D:9      | Killed a two-headed ogre
 10705 | D:9      | Reached skill level 16 in Stealth
 10824 | D:9      | Noticed a two-headed ogre
 10850 | D:9      | Killed a two-headed ogre
 11175 | D:9      | Found a white marble altar of Elyvilon.
 11284 | D:9      | Found a blossoming altar of Fedhas.
 11290 | D:9      | Noticed Psyche
 11296 | D:9      | Killed Psyche
 11297 | D:9      | Reached skill level 5 in Fighting
 11357 | D:9      | Noticed a gargoyle
 11359 | D:9      | Killed a gargoyle
 11730 | D:9      | Reached XP level 11. HP: 55/56 MP: 9/22
 11984 | D:9      | Reached **** piety under Dithmenos
 12116 | D:10     | Entered Level 10 of the Dungeon
 12155 | D:10     | Reached skill level 10 in Dodging
 12269 | D:10     | Reached skill level 1 in Translocations
 12421 | D:10     | Found Ebla's Book Shop.
 12442 | D:10     | Upgraded the game from 0.30.0-29-ga12c61a403 to
                  | 0.30.0-30-g96aa6591b8
 12452 | D:10     | Found Woob's Armour Emporium.
 12481 | D:10     | Found a staircase to the Lair.
 13216 | D:10     | Found a broken altar of Ashenzari.
 13240 | D:10     | Found Vagueg's Armour Boutique.
 13248 | D:10     | Bought a +0 buckler for 72 gold pieces
 13391 | D:10     | Found a staircase to the Orcish Mines.
 13512 | D:10     | Noticed a two-headed ogre
 13522 | D:10     | Killed a two-headed ogre
 13555 | D:10     | Found Doxtuw's General Store.
 13563 | D:10     | Bought a scroll of blinking for 120 gold pieces
 13563 | D:10     | Bought a scroll of fear for 64 gold pieces
 13563 | D:10     | Identified 2 scrolls of acquirement
 13613 | D:11     | Found a radiant altar of Vehumet.
 13629 | D:11     | Noticed Urug
 13634 | D:11     | Killed Urug
 13668 | D:11     | Noticed Erica
 13673 | D:11     | Killed Erica
 13719 | D:11     | Found a runed translucent gate.
 13719 | D:11     | Found a runed translucent gate.
 13720 | D:11     | Found a runed translucent gate.
 13720 | D:11     | Noticed math4jedi's ghost (journeyman MiBe)
 13727 | D:11     | Identified the +2 cloak of the Ancient Runes {rN+ Str-5
                  | Slay+3 SInv}
 13869 | D:11     | Found a frozen archway.
 13872 | D:11     | Noticed a two-headed ogre
 13876 | D:11     | Found a gate leading to a gauntlet.
 13902 | Gauntlet | Entered a Gauntlet
 13902 | Gauntlet | Noticed a green ugly thing
 13902 | Gauntlet | Noticed a great orb of eyes
 13902 | Gauntlet | Found a transporter.
 13902 | Gauntlet | Found a transporter.
 13902 | Gauntlet | Found a transporter.
 13903 | Gauntlet | Found a transporter.
 13906 | Gauntlet | Found a transporter.
 13910 | Gauntlet | Noticed a cyan ugly thing
 13929 | Gauntlet | Found a transporter.
 13935 | Gauntlet | Found a transporter.
 13939 | Gauntlet | Found a transporter.
 13951 | Gauntlet | Noticed a ghost crab
 13958 | Gauntlet | Found a transporter.
 13958 | Gauntlet | Found a transporter.
 14127 | Gauntlet | Learned a level 2 spell: Blink
 14131 | Gauntlet | Learned a level 3 spell: Teleport Other
 14140 | Gauntlet | Found a transporter.
 14316 | Gauntlet | Found a transporter.
 14579 | Gauntlet | Identified the +5 arbalest "Beelian" {antimagic, Str-5
                  | Dex+6}
 14579 | Gauntlet | Noticed a minotaur
 14638 | Gauntlet | Got the Meditations on the Body
 14645 | Gauntlet | Identified the +2 cloak of Limiu {Will+ rCorr Int+3 Slay+3}
 15124 | D:11     | Reached XP level 12. HP: 53/63 MP: 18/25
 15126 | D:11     | Reached skill level 5 in Translocations
 15257 | D:11     | Killed a two-headed ogre
 15781 | D:11     | Noticed Lodul
 15793 | D:11     | Killed Lodul
 15961 | D:11     | Noticed a boulder beetle
 16081 | D:11     | Noticed an 11-headed hydra
 16082 | D:11     | Noticed a nine-headed hydra
 16532 | Lair:1   | Entered Level 1 of the Lair of Beasts
 16787 | Lair:1   | Noticed Fannar
 16906 | Lair:2   | Noticed a catoblepas
 16922 | Lair:2   | Reached skill level 10 in Spellcasting
 17016 | Lair:1   | Annihilated by Fannar

Illustrated notes

Levels and vault maps discovered:
D:1:      roderic_chinese_lattice_arrival, layout_loops_corners,
          serial_aquarium, aquarium_bridge_long_joined [aquarium_subvault_wall,
          aquarium_subvault_window, aquarium_subvault_bridge,
          aquarium_subvault_window, aquarium_subvault_window,
          aquarium_subvault_bridge], aquarium_bridge_straight
          [aquarium_subvault_bridge, aquarium_subvault_window,
          aquarium_subvault_bridge, aquarium_subvault_wall],
          aquarium_window_fake, aquarium_window_corner, aquarium_window_1,
          aquarium_view_2c, aquarium_pool_side, minmay_close_crescents
D:2:      layout_basic, grunt_ministairs_12, uniq_natasha
D:3:      layout_basic, hellmonk_ecumenical_altar_run_dry
D:4:      layout_basic, kiku_gazebo_garden_becter, minmay_temple_entry_ruins
D:5:      minmay_goblin_kobold_castle, layout_cave_pools,
          grunt_temple_overflow_lords_of_destruction, gammafunk_ghost_necromancy
D:6:      layout_loops_ring, lemuel_doored_altar, mainiacjoe_overflow_big_doors,
          uniq_blork_the_orc
D:7:      layout_basic, grunt_temple_overflow_gold_and_silver,
          skrybe_limestone_x
D:8:      layout_basic, kennysheep_diamond, uniq_maurice, uniq_joseph
D:9:      layout_roguey, nicolae_elyvilon_peaceful_grove, fedhas_ov_isle_minmay,
          uniq_psyche
D:10:     layout_roguey, cheibrodos_ashenzari_chains, lair_entry_dummy,
          erik_orc_2, serial_shops, nicolae_diamond_shop, shop,
          nicolae_stop_n_shop_2, shop
D:11:     layout_irregular_city, gauntlet_entry_generic,
          gammafunk_ghost_hydra_chop, portal_ice_cave_entry_pillars_2,
          minmay_strange_pillars, chequers_serial_rivers_room_b,
          nicolae_vehumet_radiance, uniq_lodul, uniq_urug, uniq_erica
D:12:     layout_basic
Temple:   jpeg_temple_clearing
Lair:1:   layout_small_grid, grunt_megastairs_5, infiniplex_staircase_pool,
          uniq_fannar
Lair:2:   layout_cave_pods, kennysheep_snail_temple, grunt_megastairs_1,
          serial_bayou_shore_b, uniq_gastronok

Skill      XL: |  1  2  3  4  5  6  7  8  9 10 11 12 |
---------------+-------------------------------------+-----
Hexes          | 4 5 6 7 9 10 | 10.6
Spellcasting   | 3 4 5 6 7 8 10 | 10.0
Dodging        | 3 5 6 9 12 | 12.2
Stealth        | 5 10 15 16 | 16.0
Fighting       | 1 5 7 8 |  8.0
Translocations | 4 7 |  7.0
Short Blades   | 3 |  3.5
Throwing       | |  0.3

Action                     |  1- 3 |  4- 6 |  7- 9 | 10-12 || total
---------------------------+-------+-------+-------+-------++-------
  Melee: Dagger            |    85 |   137 |   268 |   231 ||   721
         Punch             |     1 |       |     2 |     1 ||     4
  Throw: Dart              |    16 |     2 |     4 |     5 ||    27
         Stone             |     5 |       |       |       ||     5
   Cast: Ensorcelled Hiber |     1 |    38 |    89 |   124 ||   252
         Confusing Touch   |       |    10 |    10 |    10 ||    30
         Tukima's Dance    |       |     3 |    33 |    57 ||    93
         Dazzling Flash    |       |     2 |    12 |    18 ||    32
         Summon Guardian G |       |       |       |    12 ||    12
         Gell's Gravitas   |       |       |       |     2 ||     2
         Teleport Other    |       |       |       |     1 ||     1
 Invoke: Shadow Step       |       |       |     2 |     4 ||     6
  Evoke: Wand              |       |       |       |    13 ||    13
    Use: Scroll            |     1 |     7 |     6 |     8 ||    22
         Potion            |       |     1 |       |     7 ||     8
   Stab: Sleeping          |    12 |    27 |    66 |    93 ||   198
         Confused          |       |     2 |     8 |     4 ||    14
         Invisible         |       |     1 |    10 |    14 ||    25
         Distracted        |       |       |       |     2 ||     2
         Petrified         |       |       |       |     2 ||     2
 Armour: Robe              |     9 |    27 |    32 |    35 ||   103
         Troll leather arm |       |       |       |    11 ||    11
  Dodge: Dodged            |    63 |   136 |   260 |   426 ||   885
  Block: Buckler           |       |       |       |    35 ||    35
